 Dungeon Crawl Stone Soup version 0.31-a0-246-g8cbcc1cb85 (webtiles) character file.

Game seed: 16292606867092632712

17875 spardeous the Nimble (level 12, -5/54 HPs)
             Began as a Felid Earth Elementalist on July 13, 2023.
             Was an Initiate of Gozag.
             Shot with an arrow by Nessos (7 damage)
             ... on level 4 of the Lair of Beasts.
             The game lasted 01:00:24 (27899 turns).

spardeous the Nimble (Felid Earth Elementalist)    Turns: 27899, Time: 01:00:24

Health: -5/54      AC:  3    Str:  2    XL:     12   Next: 22%
Magic:  27/27      EV: 33    Int: 30    God:    Gozag
Gold:   1674       SH:  5    Dex: 25    Spells: 13/31 levels left
                                        Lives:  0   Deaths: 3

rFire   . . .        (weapon unavailable)
rCold   + . .        (shield unavailable)
rNeg    . . .        (body armour unavailable)
rPois   .            (helmet unavailable)
rElec   .            (cloak unavailable)
rCorr   .            (gloves unavailable)
SInv    +            (boots unavailable)
Will    +....        F - amulet of reflection
Stlth   +++          I - +6 ring of intelligence
HPRegen 0.29/turn    g - ring "Suppioc" {Fly Dex+5 SInv}
MPRegen 0.20/turn

%: reflection
@: lethally poisoned (-5 -> -21), flying, quick
A: very small, claws 1, fangs 3, see invisible, speed 1, shaggy fur 3, stealthy
paws, no weapons or thrown items, no armour, multi-lived, agile 1, clever 1, no
potion heal 1
a: Renounce Religion, Potion Petition, Call Merchant, Bribe Branch


You were on level 4 of the Lair of Beasts.
You worshipped Gozag.
Gozag was most pleased with you.
You visited 3 branches of the dungeon, and saw 16 of its levels.
You also visited: Ossuary and Volcano.

You collected 4222 gold pieces.
You spent 112 gold pieces at shops.
You paid 2436 gold pieces to Gozag.

Inventory:

Jewellery
 f - a ring of protection from cold
 g - the ring "Suppioc" (right paw) {Fly Dex+5 SInv}
   (You found it on level 4 of the Dungeon)

   [ring of flight]

   Dex:       It affects your dexterity (+5).
   SInv:      It lets you see invisible.
   Fly:       It grants you flight.
 F - an amulet of reflection (around neck)
 I - a +6 ring of intelligence (left paw)
 J - a ring of ice
Wands
 h - a wand of polymorph (13)
 D - a wand of flame (52)
 E - a wand of mindburst (7)
 G - a wand of quicksilver (12)
 H - a wand of roots (4)
Scrolls
 c - a scroll of torment
 d - 6 scrolls of blinking
 i - 3 scrolls of immolation
 q - 3 scrolls of vulnerability
 r - 2 scrolls of amnesia {unknown}
 s - 5 scrolls of teleportation
 u - 3 scrolls of revelation
 x - a scroll of noise
 y - a scroll of enchant armour
 z - 2 scrolls of brand weapon {unknown}
 C - a scroll of enchant weapon
 L - a scroll of identify
Potions
 a - a potion of attraction
 b - a potion of might
 e - 2 potions of curing
 j - a potion of mutation
 l - 4 potions of haste {unknown}
 m - 2 potions of degeneration {unknown}
 n - a potion of ambrosia
 o - a potion of berserk rage
 t - a potion of resistance
 v - 3 potions of heal wounds
 w - 3 potions of cancellation
 A - a potion of enlightenment
 B - 2 potions of brilliance
 K - a potion of magic
Miscellaneous
 p - a phial of floods (inert)


   Skills:
 - Level 7.0 Fighting
 - Level 14.1 Dodging
 - Level 2.6 Stealth
 - Level 10.0 Spellcasting
 + Level 10.4 Conjurations
 - Level 8.1 Transmutations
 - Level 11.1 Earth Magic


You had 13 spell levels left.
You knew the following spells:

 Your Spells              Type           Power      Damage    Failure   Level
a - Sandblast             Erth           100%       2d20      1%          1
b - Stone Arrow           Conj/Erth      100%       3d13      1%          3
c - Petrify               Tmut/Erth      64%        N/A       1%          4
d - Leda's Unmaking       Conj/Erth      34%        9d6       6%          6
e - Leda's Liquefaction   Hex/Erth       24%        N/A       3%          4

Your spell library contained the following spells:

 Spells                   Type           Power      Damage    Failure   Level
 Momentum Strike          Conj/Tloc      92%        3d10      1%          2
 Passwall                 Tmut/Erth      53%        N/A       1%          2
 Dazzling Flash           Conj/Hex       92%        N/A       1%          3
 Irradiate                Conj/Tmut      31%        3d22      2%          5
 Ignite Poison            Fire/Tmut/Pois 31%        N/A       3%          3
 Sticky Flame             Conj/Fire      46%        2d6       4%          4
 Blink                    Tloc           30%        N/A       5%          2
 Cigotuvi's Dreadful Rot  Necr/Pois/Air  30%        N/A       5%          2
 Ensorcelled Hibernation  Hex/Ice        30%        N/A       5%          2
 Lesser Beckoning         Tloc           30%        N/A       5%          2
 Sublimation of Blood     Necr           15%        N/A       5%          2
 Volatile Blastmotes      Fire/Tloc      30%        2d12      11%         3
 Anguish                  Hex/Necr       7%         N/A       34%         4
 Dispel Undead            Necr           15%        3d10      34%         4
 Starburst                Conj/Fire      23%        6d8       54%         6
 Agony                    Necr           15%        N/A       67%         5
 Silence                  Hex/Air        7%         N/A       67%         5
 Lehudib's Crystal Spear  Conj/Erth      34%        10d9      95%         8
 Death Channel            Necr           7%         N/A       99%         6
 Plasma Beam              Fire/Air       7%         2x1d18    99%         6
 Ignition                 Fire           7%         3d5       100%        8


Dungeon Overview and Level Annotations

Branches:
Dungeon (11/15)            Temple (1/1) D:5            Lair (4/5) D:8
 Shoals (0/4) Lair:2        Snake (0/4) Lair:3          Orc (0/2) D:11
Ossuary (visited)         Volcano (visited)
  Slime: Lair:4-5

Altars:
Ashenzari
Cheibriados
Dithmenos
Elyvilon
Fedhas
Gozag
Hepliaklqana
Kikubaaqudgha
Makhleb
Nemelex Xobeh
Okawaru
Qazlal
Ru
Sif Muna
Trog
Uskayaw
Vehumet
Wu Jian
Xom
Yredelemnul
Zin
The Shining One

Shops:
Lair:1 !::

Annotations:
D:9 2 transporters, sargonster's ghost, journeyman HOBe
Lair:1 Gastronok
Lair:3 1 runed translucent door, knightboat's ghost, journeyman OgVM
Lair:4 Nessos


Innate Abilities, Weirdness & Mutations

You have sharp claws.
You have razor-sharp teeth.
You have supernaturally acute eyesight. (SInv)
You cover ground quickly. (Speed+)
Your thick and shaggy fur keeps you warm. (AC +3, rC+)
Your paws help you pounce on unaware monsters.
You are incapable of wielding weapons or throwing items.
You cannot wear armour.
You gain extra lives every three experience levels.
You are agile. (Dex +4, Str/Int -1)
Your mind is acute. (Int +4, Str/Dex -1)
Potions are less effective at restoring your health.


Message History

The elephant misses you. The elephant barely misses you.
You block the elephant's attack. The elephant completely misses you.
Casting: Sandblast (safe; 1% risk of failure)
Confirm with . or Enter, or press ? or * to list all spells.
Aiming: Sandblast (safe; 1% risk of failure)
Press: ? - help, Shift-Dir - straight line, f/p - elephant
Aim: an elephant (almost dead, 100% to hit)
The blast of sand hits the elephant!!
You kill the elephant!
Casting: Sandblast (safe; 1% risk of failure)
Confirm with . or Enter, or press ? or * to list all spells.
You can't see any susceptible monsters within range! (Use Z to cast anyway.) Unknown command.
Magic restored.
You now have 1674 gold pieces (gained 22).
The black bear growls angrily. x2
The spriggan shouts!
Key pressed, stopping explore.
The spriggan rider shouts!
You see here a +0 ring mail.
You see here 3 atropa-tipped darts.
There is a stone staircase leading down here.
You fly downwards.
Level annotation: Nessos The elephant closely misses you.
The elephant completely misses you. The elephant tramples you!
You are shoved backwards!
You can't go up here!
The elephant tramples you.
You hold your ground!
The elephant completely misses you. The elephant tramples you!
You hold your ground!
You block the elephant's attack. The elephant misses you. x2
The elephant completely misses you. The elephant trunk-slaps you.
There is a stone staircase leading up, spattered with blood here.
Nessos shoots an arrow.
The arrow hits you!!
* * * LOW HITPOINT WARNING * * *
The arrow burns you!
You are lethally poisoned!
You die...
Your body crumbles into a pile of gold.

#.P..# #P....## #.#.##
##.....# ##.c.### ###~~.#
.#.....# ###~..##
.#.#.......# #......#
.#§##...#... ####.....##
....##.....# ##.###..#..##
...?##.Y..(####...##......#
....##.Y...#....@........#.#
.♣..# .....c...Y#.[##.....##
....#..♣..##.......#####.##
....#...$.#.........#.# ..#
.♣c......#...........# .#
.........#.....#.##..# ##
.<.Y♣..#.........# ###
......##..........#
.♣...#....#.#...###


You could see Nessos and an elephant.

Vanquished Creatures
  2 hydras (Lair:3)
  A catoblepas (Lair:3)
  3 two-headed ogres
  A hell knight (Volcano)
  A salamander mystic (Volcano)
  A necromancer (Lair:3)
  2 manticores (D:11)
  6 salamanders (Volcano)
  The ghost of BubbleThief the Insei, a novice OpSh (D:6)
  2 cyclopes
  14 elephants
  A black mamba (Lair:3)
  11 cane toads
  A kobold demonologist (D:10)
  5 rime drakes
  6 komodo dragons
  A polar bear (Lair:2)
  3 trolls
  Grinder (D:4)
  2 hornets
  A snapping turtle (Lair:2)
  A dream sheep (Lair:4)
  14 blink frogs
  3 shadows
  A wraith (D:11)
  2 wyverns
  39 yaks
  6 basilisks
  4 steam dragons
  4 vampire mosquitoes (D:11)
  3 nagas (Lair:3)
  An acid dragon (D:10)
  7 water moccasins
  3 orc warriors
  3 black bears
  4 ice beasts
  5 wolves
  A centaur (D:6)
  An ogre (D:6)
  3 phantoms
  A kobold brigand (D:9)
  4 necrophages
  19 bullfrogs
  2 gnoll sergeants
  A scorpion (D:4)
  10 wights
  7 killer bees
  A howler monkey (D:5)
  2 jellies
  3 electric eels
  7 crimson imps (D:7)
  8 orc priests
  A gnoll bouda (D:7)
  6 hounds
  4 iguanas
  2 sleepcaps (D:6)
  8 orc wizards
  Terence (D:2)
  A polar bear simulacrum (Lair:3)
  3 yak simulacra (Lair:3)
  4 wolf simulacra (Lair:3)
  A mummy (Ossuary)
  7 gnolls
  6 adders
  7 white imps
  3 ufetubi (D:10)
  A worm (D:6)
  3 dart slugs
  29 orcs
  5 spectral bats (Ossuary)
  8 bats
  11 endoplasms
  A giant cockroach (D:3)
  12 gnoll zombies (Ossuary)
  3 goblins (D:2)
  5 hobgoblins
  3 jackals (D:1)
  7 kobolds
  5 quokkas
  5 ball pythons
  4 bat simulacra (Ossuary)
  3 frilled lizards
  5 goblin simulacra (Ossuary)
  3 goblin zombies (Ossuary)
  7 hobgoblin zombies (Ossuary)
  3 kobold simulacra (Ossuary)
  4 kobold zombies (Ossuary)
  4 orc zombies (Ossuary)
  8 rats
  3 rat simulacra (Ossuary)
  3 river rat simulacra (Lair:3)
  A spectral goblin (Ossuary)
  2 spectral kobolds (Ossuary)
  A spectral rat (Ossuary)
439 creatures vanquished.

Notes
Turn   | Place    | Note
-------+----------+-------------------------------------------
     0 | D:1      | spardeous the Felid Earth Elementalist began the quest for
                  | the Orb.
     0 | D:1      | Reached XP level 1. HP: 7/7 MP: 4/4
     2 | D:1      | Noticed an ogre
     2 | D:1      | Noticed a demigod
     4 | D:1      | Noticed a spriggan
     6 | D:1      | Noticed an octopode
     6 | D:1      | Noticed an elf
     8 | D:1      | Noticed a human
     8 | D:1      | Noticed a vine stalker
    10 | D:1      | Noticed a merfolk
    12 | D:1      | Noticed a gargoyle
    12 | D:1      | Noticed a formicid
    14 | D:1      | Noticed a tengu
    14 | D:1      | Noticed a meteoran
    16 | D:1      | Noticed an armataur
    16 | D:1      | Noticed a troll
    18 | D:1      | Noticed a minotaur
    18 | D:1      | Noticed a draconian
    20 | D:1      | Noticed a naga
    22 | D:1      | Noticed a felid
    22 | D:1      | Noticed a vampire
    24 | D:1      | Noticed a gargoyle
    24 | D:1      | Noticed a demonspawn
    26 | D:1      | Noticed a gargoyle
    26 | D:1      | Noticed a naga
   294 | D:3      | Reached XP level 2. HP: 11/11 MP: 3/6
   467 | D:4      | Reached XP level 3. HP: 7/14 MP: 0/7
   576 | D:4      | Reached XP level 4. HP: 18/18 MP: 4/8
   874 | D:4      | Identified the ring "Suppioc" {Fly Dex+5 SInv}
   911 | D:4      | Reached skill level 5 in Earth Magic
   957 | D:4      | Learned a level 3 spell: Stone Arrow
   986 | D:4      | Reached skill level 3 in Dodging
  1255 | D:4      | Reached XP level 5. HP: 21/21 MP: 6/9
  1366 | D:4      | Noticed Grinder
  1392 | D:4      | Noticed a water moccasin
  1400 | D:4      | Killed a water moccasin
  1401 | D:4      | Reached skill level 5 in Dodging
  1524 | D:4      | Reached skill level 6 in Dodging
  1524 | D:4      | Gained mutation: You are covered in thick fur. (AC +2)
                  | [Felid growth]
  1524 | D:4      | Reached XP level 6. HP: 18/24 MP: 4/10
  1791 | D:5      | Entered Level 5 of the Dungeon
  1800 | D:5      | Reached skill level 1 in Conjurations
  2132 | D:5      | Reached XP level 7. HP: 27/27 MP: 7/11
  2561 | D:5      | Reached skill level 5 in Conjurations
  2743 | D:5      | Found a staircase to the Ecumenical Temple.
  3048 | Temple   | Entered the Ecumenical Temple
  3062 | Temple   | Became a worshipper of Gozag Ym Sagoz the Greedy
  3189 | D:5      | Learned a level 4 spell: Petrify
  4382 | D:2      | Noticed Terence
  4387 | D:2      | Killed Terence
  4388 | D:2      | Reached skill level 1 in Fighting
  5585 | D:6      | Reached XP level 8. HP: 34/34 MP: 5/12
  6002 | D:6      | Found a runed translucent door.
  6007 | D:6      | Noticed BubbleThief's ghost (novice OpSh)
  6167 | D:6      | Killed BubbleThief's ghost
  6168 | D:6      | Reached skill level 5 in Fighting
  6812 | D:6      | Reached XP level 9. HP: 40/40 MP: 10/17
  6916 | D:6      | Found a runed translucent door.
  7134 | D:7      | Found a sand-covered staircase.
  7163 | Ossuary  | Entered an ossuary
  7721 | Ossuary  | Reached skill level 5 in Spellcasting
  8395 | D:7      | Reached skill level 7 in Dodging
  8488 | D:7      | Found a glowing silver altar of Zin.
  9075 | D:7      | Reached skill level 8 in Dodging
 10034 | D:4      | Killed Grinder
 10035 | D:4      | Reached skill level 9 in Dodging
 10416 | D:8      | Found a staircase to the Lair.
 10705 | D:8      | Reached skill level 10 in Dodging
 10705 | D:8      | Reached XP level 10. HP: 45/45 MP: 4/18
 11225 | D:8      | Found an iron altar of Okawaru.
 11230 | D:8      | Found a hazy altar of Hepliaklqana.
 11230 | D:8      | Found a hide-covered altar of Uskayaw.
 11230 | D:8      | Found a snail-covered altar of Cheibriados.
 11232 | D:8      | Found a sparkling altar of Nemelex Xobeh.
 11232 | D:8      | Found a shadowy altar of Dithmenos.
 11232 | D:8      | Found a white marble altar of Elyvilon.
 11549 | D:8      | Reached skill level 11 in Dodging
 12476 | D:9      | Found a transporter.
 12476 | D:9      | Noticed a two-headed ogre
 12476 | D:9      | Noticed sargonster's ghost (journeyman HOBe)
 12478 | D:9      | Identified the +5 great mace of Xuturuqu {vamp, Fly rN+
                  | MP+9}
 12478 | D:9      | Noticed a two-headed ogre
 12480 | D:9      | Noticed a two-headed ogre
 12483 | D:9      | Noticed a two-headed ogre
 12499 | D:9      | Found a transporter.
 12633 | D:9      | Noticed a two-headed ogre
 12660 | D:9      | Killed a two-headed ogre
 12661 | D:9      | Reached skill level 12 in Dodging
 13205 | D:9      | Killed from afar by an orc priest
 13206 | D:9      | Reached XP level 9. HP: 0/41 MP: 1/17
 13729 | D:9      | Noticed a cyclops
 13737 | D:9      | Killed a cyclops
 13738 | D:9      | Reached XP level 10. HP: 45/45 MP: 2/18
 14047 | D:10     | Entered Level 10 of the Dungeon
 14498 | D:10     | Noticed a two-headed ogre
 14522 | D:10     | Killed a two-headed ogre
 14943 | D:10     | Reached skill level 13 in Dodging
 15754 | D:11     | Noticed a cyclops
 15759 | D:11     | Killed a cyclops
 15829 | D:11     | Identified a scroll of acquirement
 15830 | D:11     | Acquired Binkan's Anthology of Silt and the Blaze
 15841 | D:11     | Learned a level 6 spell: Leda's Unmaking
 16293 | D:11     | Reached skill level 10 in Conjurations
 16293 | D:11     | Reached XP level 11. HP: 48/48 MP: 9/19
 16362 | D:11     | Noticed a two-headed ogre
 16387 | D:11     | Killed a two-headed ogre
 16972 | D:11     | Reached skill level 14 in Dodging
 17139 | D:11     | Found a staircase to the Orcish Mines.
 18017 | Lair:1   | Entered Level 1 of the Lair of Beasts
 18022 | Lair:1   | Bought a potion of mutation for 112 gold pieces
 18022 | Lair:1   | Gained mutation: You sometimes lose your temper in combat.
                  | [potion of mutation]
 18022 | Lair:1   | Gained mutation: You expend magic power (3 MP) to
                  | strengthen your wands. [potion of mutation]
 18023 | Lair:1   | Lost mutation: You sometimes lose your temper in combat.
                  | [potion of mutation]
 18023 | Lair:1   | Lost mutation: You expend magic power (3 MP) to strengthen
                  | your wands. [potion of mutation]
 18023 | Lair:1   | Gained mutation: You are weak. (Str -2) [potion of
                  | mutation]
 18023 | Lair:1   | Lost mutation: You are weak. (Str -2) [potion of mutation]
 18023 | Lair:1   | Gained mutation: You possess an exceptional clarity of
                  | mind. [potion of mutation]
 18024 | Lair:1   | Lost mutation: You possess an exceptional clarity of mind.
                  | [potion of mutation]
 18024 | Lair:1   | Gained mutation: Potions are less effective at restoring
                  | your health. [potion of mutation]
 18024 | Lair:1   | Gained mutation: Your spells are a little harder to cast,
                  | but a little more powerful. [potion of mutation]
 18024 | Lair:1   | Gained mutation: Your mind is acute. (Int +4, Str/Dex -1)
                  | [potion of mutation]
 18025 | Lair:1   | Lost mutation: Your spells are a little harder to cast, but
                  | a little more powerful. [potion of mutation]
 18025 | Lair:1   | Lost mutation: Your mind is acute. (Int +4, Str/Dex -1)
                  | [potion of mutation]
 18025 | Lair:1   | Gained mutation: You are agile. (Dex +4, Str/Int -1)
                  | [potion of mutation]
 18025 | Lair:1   | Gained mutation: Your mind is acute. (Int +4, Str/Dex -1)
                  | [potion of mutation]
 18478 | Lair:1   | Noticed Gastronok
 20296 | Lair:2   | Reached skill level 10 in Earth Magic
 20352 | Lair:2   | Gained mutation: Your thick and shaggy fur keeps you warm.
                  | (AC +3, rC+) [Felid growth]
 20352 | Lair:2   | Reached XP level 12. HP: 52/52 MP: 5/20
 22848 | Lair:2   | Found a staircase to the Shoals.
 23462 | Lair:3   | Noticed a catoblepas
 23494 | Lair:3   | Found a staircase to the Snake Pit.
 23612 | Lair:3   | Killed a catoblepas
 23633 | Lair:3   | Found a dark tunnel.
 23640 | Volcano  | Entered a volcano
 23773 | Volcano  | Slain by a salamander mystic
 23774 | Volcano  | Reached XP level 11. HP: -2/48 MP: 8/25
 23777 | Volcano  | Killed a salamander mystic
 23807 | Volcano  | Found a burning altar of Makhleb.
 23808 | Volcano  | Noticed a hell knight
 23815 | Volcano  | Reached XP level 12. HP: 52/52 MP: 7/26
 24470 | Volcano  | Slain by a salamander
 24471 | Volcano  | Reached XP level 11. HP: 0/48 MP: 7/25
 24531 | Volcano  | Reached skill level 10 in Spellcasting
 24691 | Volcano  | Killed a hell knight
 25353 | Lair:3   | Noticed an eight-headed hydra
 25361 | Lair:3   | Killed an eight-headed hydra
 25613 | Lair:3   | Found a runed translucent door.
 25621 | Lair:3   | Noticed knightboat's ghost (journeyman OgVM)
 25623 | Lair:3   | Identified the +2 trident of Gallantry {pain, rElec rN+++
                  | Str-4 Int+5}
 25623 | Lair:3   | Noticed a spriggan rider
 25656 | Lair:3   | Noticed a necromancer
 25686 | Lair:3   | Killed a necromancer
 25687 | Lair:3   | Reached skill level 5 in Transmutations
 25967 | Lair:3   | Noticed a five-headed hydra
 25978 | Lair:3   | Killed a five-headed hydra
 26249 | Lair:4   | Noticed Nessos
 26403 | Lair:4   | Learned a level 4 spell: Leda's Liquefaction
 26683 | Lair:4   | Reached XP level 12. HP: 54/54 MP: 8/27
 27899 | Lair:4   | HP: 2/54 [Nessos/arrow (22)]
 27899 | Lair:4   | Shot with an arrow by Nessos

Illustrated notes

Levels and vault maps discovered:
D:1:      kb_arrival_jail, layout_basic, serial_rivers,
          chequers_serial_rivers_large_a, chequers_serial_rivers_micro_c,
          chequers_serial_rivers_small_a, chequers_serial_rivers_micro_d,
          chequers_serial_rivers_room_a
D:2:      layout_loops_cross, uniq_terence
D:3:      layout_basic, kennysheep_boxes
D:4:      layout_basic, uniq_grinder
D:5:      layout_loops_cross, minmay_temple_entry_poolview,
          minmay_misc_feat_ornament
D:6:      layout_rooms, ebering_ghost_sewer_f, grunt_decor_junction,
          hangedman_decor_riveting, minmay_crossroads
D:7:      layout_gridville, nicolae_overflow_hidden_temple,
          nicolae_ossuary_entry_false_entrances, minmay_crystal_room,
          minmay_misc_feat_nine_boxes, minmay_nine_imps
D:8:      layout_basic, grunt_temple_overflow_open, dpeg_oklobed_lair
D:9:      layout_long_grid, gammafunk_ghost_smash, small_chamber_with_monster,
          grunt_ministairs_5
D:10:     layout_rooms, serial_ice, serial_ice_g, serial_ice_f, serial_ice_b,
          serial_ice_k
D:11:     minmay_recursive_quarters, layout_long_grid, orc_0_dummy
Temple:   compressed_dpeg_circular_temple
Lair:1:   layout_layer_cave, uniq_gastronok
Lair:2:   layout_loops_ring, minmay_shoals_entry_hut, roderic_carrion_pond
Lair:3:   layout_cave_shapes, minmay_snake_entry_guardpost_small,
          enter_volcano_2, ebering_ghost_funeral_grove, eino_house_with_fridge
Lair:4:   layout_misc_corridors, serial_bayou_shore_b, grunt_megastairs_3,
          uniq_nessos

Skill      XL: |  1  2  3  4  5  6  7  8  9 10 11 12 |
---------------+-------------------------------------+-----
Earth Magic    | 3 4 5 6 10 11 | 11.1
Dodging        | 3 6 10 13 14 | 14.1
Conjurations   | 3 5 7 10 | 10.4
Fighting       | 2 5 6 7 |  7.0
Spellcasting   | 4 5 10 9 | 10.0
Transmutations | 3 4 7 8 |  8.1
Stealth        | |  2.6

Action                     |  1- 3 |  4- 6 |  7- 9 | 10-12 || total
---------------------------+-------+-------+-------+-------++-------
  Melee: Unarmed           |       |       |     1 |     7 ||     8
         Bite              |       |       |       |     2 ||     2
   Cast: Sandblast         |    22 |    69 |   150 |   342 ||   583
         Stone Arrow       |       |     2 |   139 |   344 ||   485
         Leda's Unmaking   |       |       |       |    34 ||    34
         Petrify           |       |       |       |    15 ||    15
 Invoke: Call Merchant     |       |       |       |     3 ||     3
  Evoke: Wand              |       |       |       |    20 ||    20
         Phial of floods   |       |       |       |     2 ||     2
    Use: Potion            |       |     1 |       |     8 ||     9
         Scroll            |       |       |     9 |    15 ||    24
   Stab: Sleeping          |       |       |     1 |       ||     1
         Petrified         |       |       |       |     2 ||     2
         Distracted        |       |       |       |     1 ||     1
 Armour: Skin              |       |       |     4 |     6 ||    10
  Dodge: Dodged            |     7 |    34 |    69 |   366 ||   476
  Block: Other             |       |       |       |    63 ||    63
         Reflection        |       |       |       |     4 ||     4

Table legend: (Time is in decaauts)
 A = Elapsed time spent in this place.
 B = Non-inter-level travel time spent in this place.
 C = Inter-level travel time spent in this place.
 D = Time resting spent in this place.
 E = Time spent auto-exploring this place.
 F = Levels seen in this place.
 G = Mean time per level.
                   A        B        C        D        E       F      G
               +--------+--------+--------+--------+--------+-----+--------+
         Total |  25281 |  23794 |   1487 |   3423 |  15004 |  18 | 1404.5 |
       Dungeon |  15016 |  14056 |    960 |   1272 |  10066 |  11 | 1365.1 |
        Temple |    108 |     78 |     30 |      0 |     62 |   1 |  108.0 |
          Lair |   7769 |   7273 |    496 |   1480 |   4005 |   4 | 1942.2 |
       Ossuary |   1142 |   1142 |      0 |    278 |    650 |   1 | 1142.0 |
       Volcano |   1244 |   1244 |      0 |    391 |    219 |   1 | 1244.0 |
               +--------+--------+--------+--------+--------+-----+--------+

Top non-repeatable levels by time:
  Lair:1: 2483 daAuts
  Lair:3: 2357 daAuts
  Lair:2: 2292 daAuts
     D:9: 2071 daAuts
    D:11: 2004 daAuts
    D:10: 1566 daAuts
     D:8: 1487 daAuts
     D:7: 1482 daAuts
     D:4: 1447 daAuts
     D:6: 1377 daAuts
     D:5: 1277 daAuts
 Volcano: 1244 daAuts
 Ossuary: 1142 daAuts
     D:3: 818 daAuts
     D:2: 743 daAuts
